 Dungeon Crawl Stone Soup version 0.27-a0-1230-gfc7c993222 (webtiles) character file.

Game seed: 10869982994088350113

45 EiAlmux the Sneak (level 3, -6/16 HPs)
             Began as a Felid Transmuter on June 8, 2021.
             Killed from afar by an orc wizard (8 damage)
             ... with a magic dart
             ... on level 4 of the Dungeon.
             The game lasted 00:10:26 (3892 turns).

EiAlmux the Sneak (Felid Transmuter)                Turns: 3892, Time: 00:10:27

Health: -6/16      AC:  1    Str:  6    XL:     3   Next: 42%
Magic:  4/7        EV: 17    Int: 15    God:
Gold:   82         SH:  0    Dex: 16    Spells: 1/7 levels left
                                        Lives:  0   Deaths: 1

rFire    . . .     SeeInvis +     - Unarmed
rCold    . . .     Faith    .   (shield unavailable)
rNeg     . . .     Spirit   .   (armour unavailable)
rPois    .         Reflect  .   (helmet unavailable)
rElec    .         Harm     .   (cloak unavailable)
rCorr    .         Rampage  .   (gloves unavailable)
Will     .....                  (boots unavailable)
Stlth    +.........             (no amulet)
HPRegen  0.05/turn              (no ring)
MPRegen  0.10/turn              (no ring)

@: confused, appendages (expiring), wereblooded, quick
A: horns 2, very small, claws 1, fangs 3, see invisible, speed 1, shaggy fur 1,
stealthy paws, no weapons or thrown items, no armour, multi-lived
a: End Transformation


You were on level 4 of the Dungeon.
You had temporarily grown beastly horns.
You visited 1 branch of the dungeon, and saw 4 of its levels.

You collected 152 gold pieces.
You spent 70 gold pieces at shops.

Inventory:

Scrolls
 b - 3 scrolls of amnesia
 d - a scroll of holy word {unknown}
 e - a scroll of fog {unknown}
 f - 2 scrolls of enchant armour {unknown}
 g - 5 scrolls of identify
 h - a scroll of teleportation
 i - a scroll of immolation {unknown}
Potions
 a - a potion of cancellation
 c - 2 potions of flight {unknown}
 j - 2 potions of curing {unknown}
 k - a potion of haste {unknown}


   Skills:
 + Level 1.9 Fighting
 - Level 2.6 Dodging
 * Level 3.3 Stealth
 - Level 3.0 Unarmed Combat
 + Level 2.6 Spellcasting
 + Level 2.9 Transmutations
 * Level 1.0 Poison Magic


You had one spell level left.
You knew the following spells:

 Your Spells              Type           Power      Damage    Failure   Level
a - Beastly Appendage     Tmut           20%        N/A       6%          1
b - Wereblood             Tmut           10%        N/A       10%         2
c - Spider Form           Tmut/Pois      3%         N/A       28%         3

Your spell library contained the following spells:

 Spells                   Type           Power      Damage    Failure   Level
 Foxfire                  Conj/Fire      4%         2x1d4     22%         1
 Conjure Flame            Conj/Fire      1%         6-21      54%         3
 Inner Flame              Hex/Fire       1%         N/A       54%         3
 Ice Form                 Ice/Tmut       6%         N/A       75%         4
 Hydra Form               Tmut           5%         N/A       86%         5
 Sticky Flame             Conj/Fire      1%         2d3       91%         4
 Fireball                 Conj/Fire      0%         3d3       99%         5


Dungeon Overview and Level Annotations

Branches:
Dungeon (4/15)
 Temple: D:4-7

Altars:
Qazlal

Shops:
D:1 ?   D:2 !


Innate Abilities, Weirdness & Mutations

You have temporarily grown beastly horns.
You have sharp claws.
You have razor-sharp teeth.
You have supernaturally acute eyesight. (SInv)
You cover ground quickly. (Speed+)
You are covered in fur. (AC +1)
Your paws help you pounce on unaware monsters.
You are incapable of wielding weapons or throwing items.
You cannot wear armour.
You gain extra lives every three experience levels.


Message History

An orc comes into view.
It is wielding a +0 trident and quivering boomerangs of dispersal.
The orc wizard suddenly complains.
The orc wizard gestures at you while chanting.
The puff of flame hits you.
You hear a shout!
There is an open door here.
You open the door.
There is an open door here.
You see here a +0 robe.
An orc wizard is nearby!
As you close the door, it creaks loudly!
You open the door.
Casting: Beastly Appendage (safe; 6% risk of failure)
Confirm with . or Enter, or press ? or * to list all spells.
You grow a pair of large bovine horns.
The orc shouts!
Casting: Beastly Appendage (safe; 6% risk of failure)
Confirm with . or Enter, or press ? or * to list all spells.
Your blood is infused with primal strength.
The orc wizard points at you and mumbles some strange words.
The puff of flame hits you. The orc closely misses you.
You completely miss the orc wizard. Your headbutt misses the orc wizard.
The orc wizard casts a spell at you.
You are confused.
The orc hits you from afar with a +0 trident.
You closely miss the orc wizard.
The orc wizard hits you with a +0 dagger.
* * * LOW HITPOINT WARNING * * *
You barely miss the orc wizard. The orc misses you.
The orc wizard closely misses you.
You bump into the rock wall.
The orc misses you.
The orc wizard hits you with a +0 dagger.
* * * LOW HITPOINT WARNING * * *
You are too confused!
Okay, then.
Your transformation is almost over.
The orc wizard gestures at you while chanting.
The magic dart hits you!
Ouch! That really hurt!
You die...

#.### #####...# #
#.....#.#########
#.#.###...........# #.#.#
#.####...##.## #.#.###.#
#........######## #.......#
##...#..........# ##...####
##.##...######.# ##.##
#@###### #.# #.# #[# ###.###
#.# ##o## #.....# ###.#####
##oo.## #.#.#.#
#.......###.....## #.#.#.#
#.#.###.##.......## ##.#.#.##
#....##.#.........####........
#.......'.........'...........
#..#.##.#.........####...#..##


You could see 2 orc wizards and an orc.

Vanquished Creatures
  2 adders (D:2)
  7 orcs (D:3)
  5 bats
  2 endoplasms
  3 giant cockroaches
  3 goblins
  6 hobgoblins
  7 jackals
  11 kobolds
  2 quokkas (D:1)
  7 ball pythons
  A frilled lizard (D:1)
  9 rats
65 creatures vanquished.

Notes
Turn   | Place    | Note
-------+----------+-------------------------------------------
     0 | D:1      | EiAlmux the Felid Transmuter began the quest for the Orb.
     0 | D:1      | Reached XP level 1. HP: 9/9 MP: 4/4
    78 | D:1      | Reached skill level 1 in Stealth
   185 | D:1      | Reached XP level 2. HP: 10/12 MP: 4/6
   191 | D:1      | Learned a level 2 spell: Wereblood
  1250 | D:1      | Reached XP level 3. HP: 15/15 MP: 5/7
  1272 | D:1      | Found Rovah's Magic Scroll Emporium.
  1387 | D:2      | Learned a level 3 spell: Spider Form
  1939 | D:2      | Found Ceraxzyt's Distillery.
  2121 | D:1      | Bought a scroll of identify for 28 gold pieces
  2121 | D:1      | Bought a scroll of teleportation for 42 gold pieces
  2604 | D:3      | Reached XP level 4. HP: 19/19 MP: 6/8
  2929 | D:3      | Found a faded altar of an unknown god.
  3083 | D:3      | Found a stormy altar of Qazlal.
  3683 | D:4      | Killed from afar by an orc wizard
  3684 | D:4      | Reached XP level 3. HP: 0/16 MP: 6/7
  3753 | D:4      | Reached skill level 1 in Poison Magic
  3892 | D:4      | Killed from afar by an orc wizard

Illustrated notes

Levels and vault maps discovered:
D:1:      zelgadis_glass_arrival_small, layout_basic, serial_shops, shop,
          minmay_crystal_room
D:2:      layout_rooms, serial_shops, shop
D:3:      layout_basic, lemuel_round_altar, basic_ecumenical_altar
D:4:      layout_loops_corners

Skill      XL: |  1  2  3 |
---------------+----------+-----
Stealth        | 1 2 3 |  3.3
Poison Magic   | 1 |  1.0
Fighting       | |  1.9
Dodging        | |  2.6
Unarmed Combat | |  3.0
Spellcasting   | |  2.6
Transmutations | |  2.9

Action                   |  1- 3 |  4- 6 || total
-------------------------+-------+-------++-------
Melee: Unarmed           |   119 |    41 ||   160
       Headbutt          |    15 |     3 ||    18
       Bite              |     9 |     2 ||    11
       Punch             |     1 |       ||     1
 Cast: Beastly Appendage |    30 |     9 ||    39
       Wereblood         |     3 |     2 ||     5
  Use: Scroll            |     2 |       ||     2
 Stab: Sleeping          |     2 |     2 ||     4
Armor: Skin              |     6 |     3 ||     9
Dodge: Dodged            |    97 |    26 ||   123

Table legend: (Time is in decaauts)
 A = Elapsed time spent in this place.
 B = Non-inter-level travel time spent in this place.
 C = Inter-level travel time spent in this place.
 D = Time resting spent in this place.
 E = Time spent auto-exploring this place.
 F = Levels seen in this place.
 G = Mean time per level.
                   A        B        C        D        E       F      G
               +--------+--------+--------+--------+--------+-----+--------+
         Total |   3471 |   3295 |    176 |     43 |   2706 |   4 |  867.8 |
       Dungeon |   3471 |   3295 |    176 |     43 |   2706 |   4 |  867.8 |
               +--------+--------+--------+--------+--------+-----+--------+

Top non-repeatable levels by time:
     D:1: 1360 daAuts
     D:2: 967 daAuts
     D:3: 862 daAuts
     D:4: 280 daAuts
